 Dungeon Sprint DCSS version 0.28-a0-407-g69098e2f6d (webtiles) character file.

Game seed: 46743303466473397

8786 dolemite99 the Whirler (level 11, -1/93 HPs)
             Began as a Gnoll Hunter on Sept 5, 2021.
             Was the Champion of Makhleb.
             Killed from afar by a nagaraja (8 damage)
             ... with a bolt of poison
             ... in the Dungeon (Sprint V: "Ziggurat Sprint").
             The game lasted 00:15:05 (1833 turns).

dolemite99 the Whirler (Gnoll Hunter)               Turns: 1833, Time: 00:15:06

Health: -1/93      AC: 14    Str: 20    XL:     11   Next: 36%
Magic:  25/25      EV:  8    Int: 11    God:    Makhleb [******]
Gold:   0          SH: 29    Dex: 13    Spells: 18/30 levels left

rFire   + . .      SeeInvis .   b - +5 demon whip
rCold   . . .      Faith    +   Q - +18 shield of the Gong {rElec rN+ Will+ EV-5}
rNeg    + . .      Spirit   .   y - +6 scale mail "Xiusel" {rF+ Regen+}
rPois   .          Reflect  .   (no helmet)
rElec   +          Harm     .   (no cloak)
rCorr   .          Rampage  .   (no gloves)
Will    +....      NoTele   +   (no boots)
Stlth   +++.......              n - amulet of faith
HPRegen 1.25/turn               J - +4 ring of slaying
MPRegen 0.19/turn               C - +6 ring of strength

@: lethally poisoned (-1 -> -16), very slightly contaminated, studying 3 skills,
invisible
A: fangs 1, strong nose, distributed training
a: Renounce Religion, Minor Destruction, Lesser Servant of Makhleb, Major
Destruction, Greater Servant of Makhleb


You were in the Dungeon.
You worshipped Makhleb.
Makhleb was exalted by your worship.
You visited 1 branch

Inventory:

Hand Weapons
 a - a +5 fustibalus of freezing
 b - a +5 demon whip (weapon)
 G - a +5 broad axe
 I - a +5 demon trident
 X - a +3 morningstar of protection
Missiles
 d - 1014 sling bullets
Armour
 w - a +1 pair of gloves of stealth
 x - a +0 plate armour of willpower
 y - the +6 scale mail "Xiusel" (worn) {rF+ Regen+}
   (You found it in the Dungeon)

   rF:        It protects you from fire.
   Regen:     It increases your rate of health regeneration.
 H - the +6 plate armour "Seqarar" {rN++ Will+ Dex+4 SInv}
   (You found it in the Dungeon)

   Dex:       It affects your dexterity (+4).
   rN:        It greatly protects you from negative energy.
   SInv:      It lets you see invisible.
   Will:      It increases your willpower.
 N - +5 gold dragon scales
 P - +5 storm dragon scales
 Q - the +18 shield of the Gong (worn) {rElec rN+ Will+ EV-5}
   (You found it in the Dungeon)

   It is deafeningly noisy when blocking attacks.
   EV:        It affects your evasion (-5).
   rElec:     It insulates you from electricity.
   rN:        It protects you from negative energy.
   Will:      It increases your willpower.
 Y - a +3 plate armour of cold resistance
Magical Staves
 R - a staff of fire
 Z - a staff of air
Jewellery
 c - a ring of wizardry
 n - an amulet of faith (around neck)
 z - a +6 ring of dexterity
 C - a +6 ring of strength (right hand)
 D - a +6 ring of strength
 J - a +4 ring of slaying (left hand)
 S - the amulet of Enuruof {Spirit +Blink Regen+ Stlth-}
   (You found it in the Dungeon)

   [amulet of guardian spirit]

   It causes incoming damage to be divided between your reserves of health and
   magic.
   +Blink:    It lets you blink.
   Regen:     It increases your rate of health regeneration.
   Stlth:     It makes you less stealthy.
Wands
 u - a wand of mindburst (6)
Scrolls
 j - 3 scrolls of blinking
 p - 4 scrolls of amnesia
 q - 7 scrolls of fog
 r - a scroll of holy word
 s - 5 scrolls of identify {@r1}
 t - 2 scrolls of fear
Potions
 e - 10 potions of curing
 f - 7 potions of heal wounds
 g - 6 potions of haste
 h - 7 potions of magic
 i - 3 potions of berserk rage
 k - 2 potions of brilliance
 l - a potion of invisibility
 m - 4 potions of resistance
 o - 5 potions of might
Miscellaneous
 v - a condenser vane (inert)
 A - a phantom mirror (inert)
 E - a lightning rod (4/4)
 K - a phial of floods (inert)
 T - a box of beasts
 U - a piece from Xom's chessboard (15/15)


   Skills:
 + Level 11.1 Fighting
 + Level 10.2 Short Blades
 + Level 10.2 Long Blades
 + Level 10.2 Axes
 + Level 10.2 Maces & Flails
 + Level 11.0 Polearms
 + Level 13.7 Staves
 + Level 15.5 Slings
 + Level 10.2 Bows
 + Level 10.2 Crossbows
 + Level 10.2 Throwing
 + Level 10.2 Armour
 + Level 11.1 Dodging
 + Level 10.5 Stealth
 + Level 10.2 Shields
 + Level 10.2 Unarmed Combat
 + Level 10.2 Spellcasting
 + Level 8.6 Conjurations
 + Level 8.6 Hexes
 + Level 8.6 Summonings
 + Level 8.6 Necromancy
 + Level 8.6 Translocations
 + Level 8.6 Transmutations
 + Level 8.6 Fire Magic
 + Level 8.6 Ice Magic
 + Level 8.6 Air Magic
 + Level 8.6 Earth Magic
 + Level 8.6 Poison Magic
 + Level 11.1 Invocations
 + Level 10.2 Evocations


You had 18 spell levels left.
You knew the following spells:

 Your Spells              Type           Power      Damage    Failure   Level
a - Vampiric Draining     Necr           12%        2d7       4%          3
b - Blink                 Tloc           N/A        N/A       2%          2
c - Inner Flame           Hex/Fire       24%        N/A       4%          3
d - Cause Fear            Hex            12%        N/A       16%         4

Your spell library contained the following spells:

 Spells                   Type           Power      Damage    Failure   Level
 Ensorcelled Hibernation  Hex/Ice        48%        N/A       2%          2
 Conjure Flame            Conj/Fire      24%        6-21      4%          3
 Dazzling Flash           Conj/Hex       48%        N/A       4%          3
 Ignite Poison            Fire/Tmut/Pois 24%        N/A       4%          3
 Spider Form              Tmut/Pois      12%        N/A       4%          3
 Ice Form                 Ice/Tmut       24%        N/A       16%         4
 Iskenderun's Mystic Bla  Conj/Tloc      24%        2d7       16%         4
 Sticky Flame             Conj/Fire      24%        2d5       16%         4
 Freezing Cloud           Conj/Ice/Air   12%        6-21      41%         5
 Conjure Ball Lightning   Conj/Air       12%        3x3d6     94%         6
 Simulacrum               Ice/Necr       12%        N/A       94%         6
 Starburst                Conj/Fire      12%        6d5       94%         6
 Haunt                    Necr/Summ      12%        N/A       100%        7
 Discord                  Hex            12%        N/A       100%        8
 Chain Lightning          Conj/Air       12%        3d16      100%        9
 Fire Storm               Conj/Fire      12%        8d3       100%        9
 Polar Vortex             Ice            12%        N/A       100%        9
 Shatter                  Erth           12%        3d13*     100%        9


Dungeon Overview and Level Annotations

Branches:
Dungeon (1/1)

Altars:
Ashenzari
Cheibriados
Dithmenos
Elyvilon
Fedhas
Gozag
Hepliaklqana
Kikubaaqudgha
Makhleb
Nemelex Xobeh
Okawaru
Qazlal
Ru
Sif Muna
Trog
Uskayaw
Vehumet
Wu Jian
Xom
Yredelemnul
Zin
The Shining One
Beogh
Jiyva
Lugonu

Annotations:
D 1 transporter


Innate Abilities, Weirdness & Mutations

You have very sharp teeth.
Your uncanny sense of smell can sniff out nearby items.
Your experience applies equally to all skills.


Message History

The black mamba bites you but does no damage.
The naga hits your green death with a +0 hand axe.
The naga constricts your green death.
The nagaraja hits you from afar with a +0 spear!
The water moccasin barely misses you.
Your green death struggles to escape constriction.
Aiming: Phantom Mirror
Press: ? - help, Dir - move target, f - balrug
Aim: a balrug, wielding a +2 demon whip of freezing (heavily wounded, summoned, ally target)
You reflect the balrug with the mirror!
The mirror clouds!
You feel sick. You block the black mamba's attack.
SHROANNG!
You block the black mamba's attack.
PANG!
The adder bites your balrug but does no damage.
The nagaraja hits you from afar with a +0 spear!!
The balrug hits you with a +2 demon whip of freezing!
* * * LOW HITPOINT WARNING * * *
You are engulfed in flames!
You resist.
* * * LOW HITPOINT WARNING * * *
The balrug freezes you.
* * * LOW HITPOINT WARNING * * *
Your balrug barely misses the adder.
The water moccasin barely misses you.
The naga loses its grip on your green death.
You block the black mamba's attack.
GONNNNG!
The black mamba bites you but does no damage.
The nagaraja hits you from afar with a +0 spear.
* * * LOW HITPOINT WARNING * * *
The adder barely misses your balrug.
Blink to where?
Press: ? - help, Dir - move target, p - balrug
Found five items.
Found a transporter.
As you read the scroll of blinking, it crumbles to dust.
You feel sick.
Your balrug completely misses the adder.
The nagaraja casts a spell at you. The bolt of poison hits you!
You are lethally poisoned!
You die...

▓)=.......▓.....
▓.........▓...).
▓.........▓..)))
▓.▓.))).▓.▓.▓.†)
▓....©....▓...©.
▓▓▓▓▓▓▓▓▓▓▓▓▓▓▓▓▓▓
▓...8©8.. ▓...8©8.
∆∆∆ ▓..[")|).
▓..[).}) ∆∆
▓@.})"=)..▓...).|.
▓.........▓.......
▓.........▓.......
▓......†..▓.......
▓...NN....▓..))...
▓...N2....▓.▓.....
▓.▓SSSS.▓.▓....©..
▓...S22...▓▓▓▓▓▓▓▓
▓▓▓▓▓▓▓▓▓▓▓


You could see 2 nagarajas, a balrug (summoned, ally target), 2 black mambas, a
water moccasin, a naga (poisoned), 2 adders, a friendly balrug (summoned,
drained) and a friendly green death (summoned).

Vanquished Creatures
  A vault warden (D)
  A vault guard (D)
  An ironbound convoker (D)
  2 ugly things (D)
  2 toenail golems (D)
  5 yaktaurs (D)
  A wind drake (D)
  5 merfolk (D)
  A slime creature (D)
  A steam dragon (shapeshifter) (D)
  2 centaurs (D)
  A wight (D)
  A jelly (shapeshifter) (D)
  3 orc priests (D)
  A mummy (D)
  4 adder zombies (D)
  4 orcs (D)
  A bat zombie (D)
  A ball python skeleton (D)
  2 ball python zombies (D)
40 creatures vanquished.

Vanquished Creatures (collateral kills)
  3 toenail golems (D)
  2 wind drakes (D)
  A merfolk (D)
  A water moccasin (D)
  A necrophage (D)
  A phantom (D)
  2 centaurs (D)
  2 wights (D)
13 creatures vanquished.

Vanquished Creatures (others)
  An adder (D)
1 creature vanquished.

Grand Total: 54 creatures vanquished

Notes
Turn   | Place    | Note
-------+----------+-------------------------------------------
     0 | D        | dolemite99 the Gnoll Hunter began the quest for the Orb.
     0 | D        | Reached XP level 1. HP: 20/20 MP: 1/1
     0 | D        | Found a shimmering blue altar of Sif Muna.
     0 | D        | Found a sacrificial altar of Ru.
     0 | D        | Found a bloodstained altar of Trog.
     0 | D        | Found a stormy altar of Qazlal.
     0 | D        | Found an iron altar of Okawaru.
     0 | D        | Found a sparkling altar of Nemelex Xobeh.
     0 | D        | Found a blossoming altar of Fedhas.
     0 | D        | Found the +6 Majin-Bo {vamp, MP+6 Int+6}
     0 | D        | Found the +9 heavy crossbow "Sniper" {vorpal, Acc+∞ SInv}
     0 | D        | Found the +10 dark maul {vorpal}
     0 | D        | Found the +15 Maxwell's patent armour {-Cast -Tele rElec
                  | Will+ rCorr}
     0 | D        | Found the +18 shield of the Gong {rElec rN+ Will+ EV-5}
     0 | D        | Found the +14 obsidian axe {vorpal, Mesm Drain Fly SInv}
     0 | D        | Found the +7 great mace "Firestarter" {inner flame, rF++}
     0 | D        | Found the +6 shillelagh "Devastator" {shatter}
     0 | D        | Found the +11 plutonium sword {Contam Stlth-}
     0 | D        | Found the +8 lance "Wyrmbane" {slay drac, rPois rF+ rC+
                  | AC+3}
     0 | D        | Found the +9 sword of Zonguldrok {reap}
     0 | D        | Found the +13 scythe of Curses {drain, Drain}
     0 | D        | Found the +5 sword of Power {vorpal}
     0 | D        | Found the +7 mace of Variability {chain chaos}
     0 | D        | Found the +7 Singing Sword {vorpal, sonic wave}
     0 | D        | Found the +8 storm bow {elec, penet}
     2 | D        | Found a transporter.
     2 | D        | Found an ancient bone altar of Kikubaaqudgha.
     2 | D        | Found a viscous altar of Jiyva.
     2 | D        | Found a corrupted altar of Lugonu.
     2 | D        | Found a hazy altar of Hepliaklqana.
     2 | D        | Found a burning altar of Makhleb.
     2 | D        | Found an opulent altar of Gozag.
   182 | D        | Became a worshipper of Makhleb the Destroyer
   194 | D        | Entered arena 2.
   194 | D        | Noticed a wight
   194 | D        | Found a transporter.
   200 | D        | Killed a wight
   201 | D        | Reached skill level 5 in Fighting
   201 | D        | Reached skill level 5 in Dodging
   201 | D        | Reached skill level 1 in Conjurations
   201 | D        | Reached skill level 1 in Hexes
   201 | D        | Reached skill level 1 in Summonings
   201 | D        | Reached skill level 1 in Necromancy
   201 | D        | Reached skill level 1 in Translocations
   201 | D        | Reached skill level 1 in Transmutations
   201 | D        | Reached skill level 1 in Fire Magic
   201 | D        | Reached skill level 1 in Ice Magic
   201 | D        | Reached skill level 1 in Air Magic
   201 | D        | Reached skill level 1 in Earth Magic
   201 | D        | Reached skill level 1 in Poison Magic
   201 | D        | Reached XP level 2. HP: 20/27 MP: 1/5
   201 | D        | Reached XP level 3. HP: 24/33 MP: 1/6
   375 | D        | Entered arena 3.
   375 | D        | Found a transporter.
   376 | D        | Reached * piety under Makhleb
   387 | D        | Reached XP level 4. HP: 39/39 MP: 7/7
   405 | D        | Entered arena 4.
   405 | D        | Noticed a steam dragon
   405 | D        | Noticed a scorpion
   405 | D        | Noticed a purple ugly thing
   405 | D        | Noticed a purple ugly thing
   405 | D        | Found a transporter.
   406 | D        | Reached skill level 5 in Staves
   406 | D        | Reached skill level 10 in Slings
   406 | D        | Reached skill level 5 in Stealth
   406 | D        | Reached XP level 5. HP: 47/47 MP: 7/11
   410 | D        | Killed a purple ugly thing
   410 | D        | Reached ** piety under Makhleb
   411 | D        | Reached skill level 5 in Short Blades
   411 | D        | Reached skill level 5 in Long Blades
   411 | D        | Reached skill level 5 in Axes
   411 | D        | Reached skill level 5 in Maces & Flails
   411 | D        | Reached skill level 5 in Polearms
   411 | D        | Reached skill level 11 in Slings
   411 | D        | Reached skill level 5 in Bows
   411 | D        | Reached skill level 5 in Crossbows
   411 | D        | Reached skill level 5 in Throwing
   411 | D        | Reached skill level 5 in Armour
   411 | D        | Reached skill level 5 in Shields
   411 | D        | Reached skill level 5 in Unarmed Combat
   411 | D        | Reached skill level 5 in Spellcasting
   411 | D        | Reached skill level 5 in Invocations
   411 | D        | Reached skill level 5 in Evocations
   411 | D        | Reached XP level 6. HP: 29/55 MP: 8/14
   413 | D        | Killed a purple ugly thing
   414 | D        | Reached skill level 5 in Conjurations
   414 | D        | Reached skill level 5 in Hexes
   414 | D        | Reached skill level 5 in Summonings
   414 | D        | Reached skill level 5 in Necromancy
   414 | D        | Reached skill level 5 in Translocations
   414 | D        | Reached skill level 5 in Transmutations
   414 | D        | Reached skill level 5 in Fire Magic
   414 | D        | Reached skill level 5 in Ice Magic
   414 | D        | Reached skill level 5 in Air Magic
   414 | D        | Reached skill level 5 in Earth Magic
   414 | D        | Reached skill level 5 in Poison Magic
   414 | D        | Reached XP level 7. HP: 51/61 MP: 9/16
   414 | D        | Killed a steam dragon
   415 | D        | Reached XP level 8. HP: 55/68 MP: 9/17
   458 | D        | Got the amulet of Enuruof {Spirit +Blink Regen+ Stlth-}
   495 | D        | Entered arena 5.
   495 | D        | Noticed a yaktaur
   495 | D        | Noticed a yaktaur
   495 | D        | Noticed a yaktaur
   495 | D        | Found a transporter.
   497 | D        | Killed a yaktaur
   497 | D        | Reached *** piety under Makhleb
   498 | D        | Reached skill level 12 in Slings
   498 | D        | Killed a yaktaur
   503 | D        | Killed a yaktaur
   503 | D        | Reached **** piety under Makhleb
   504 | D        | Reached skill level 10 in Staves
   504 | D        | Reached XP level 9. HP: 43/75 MP: 17/19
   837 | D        | Entered arena 6.
   837 | D        | Noticed a toenail golem
   837 | D        | Noticed a toenail golem
   837 | D        | Noticed a toenail golem
   837 | D        | Noticed a toenail golem
   837 | D        | Noticed a toenail golem
   837 | D        | Found a transporter.
   843 | D        | Killed a toenail golem
   844 | D        | Reached skill level 13 in Slings
   850 | D        | Killed a toenail golem
   851 | D        | Killed a toenail golem
   853 | D        | Killed a toenail golem
   853 | D        | Reached ***** piety under Makhleb
   855 | D        | Killed a toenail golem
   856 | D        | Reached XP level 10. HP: 83/83 MP: 20/22
   861 | D        | Got Teneefu's Tome of the Displaced Glacier
   893 | D        | Entered arena 7.
   897 | D        | Found a transporter.
   905 | D        | Reached skill level 14 in Slings
   907 | D        | Reached skill level 10 in Fighting
   907 | D        | Reached skill level 10 in Dodging
  1053 | D        | Got the +6 plate armour "Seqarar" {rN++ Will+ Dex+4 SInv}
  1177 | D        | Entered arena 8.
  1183 | D        | Reached ****** piety under Makhleb
  1187 | D        | Reached skill level 10 in Invocations
  1190 | D        | Found a transporter.
  1200 | D        | Got the Grimoire of the Griffon
  1242 | D        | Entered arena 9.
  1256 | D        | Found a transporter.
  1310 | D        | Entered arena 10.
  1310 | D        | Noticed a vault guard
  1310 | D        | Noticed a vault warden
  1310 | D        | Noticed an ironbound convoker
  1315 | D        | Killed an ironbound convoker
  1319 | D        | Killed a vault warden
  1320 | D        | Reached skill level 10 in Polearms
  1320 | D        | Reached skill level 15 in Slings
  1320 | D        | Reached skill level 10 in Stealth
  1320 | D        | Reached XP level 11. HP: 51/92 MP: 24/24
  1323 | D        | Reached skill level 10 in Short Blades
  1323 | D        | Reached skill level 10 in Long Blades
  1323 | D        | Reached skill level 10 in Axes
  1323 | D        | Reached skill level 10 in Maces & Flails
  1323 | D        | Reached skill level 10 in Bows
  1323 | D        | Reached skill level 10 in Crossbows
  1323 | D        | Reached skill level 10 in Throwing
  1323 | D        | Reached skill level 10 in Armour
  1323 | D        | Reached skill level 10 in Shields
  1323 | D        | Reached skill level 10 in Unarmed Combat
  1323 | D        | Reached skill level 10 in Spellcasting
  1323 | D        | Reached skill level 10 in Evocations
  1324 | D        | Killed a vault guard
  1515 | D        | Found a transporter.
  1526 | D        | Got the Volume of Hurtful Cold
  1567 | D        | Got the +6 scale mail "Xiusel" {rF+ Regen+}
  1585 | D        | Learned a level 3 spell: Vampiric Draining
  1588 | D        | Learned a level 2 spell: Blink
  1592 | D        | Learned a level 3 spell: Inner Flame
  1597 | D        | Learned a level 4 spell: Cause Fear
  1601 | D        | Entered arena 11.
  1621 | D        | Found a transporter.
  1822 | D        | Entered arena 12.
  1822 | D        | Noticed a nagaraja
  1823 | D        | Noticed a balrug
  1824 | D        | Noticed a nagaraja
  1833 | D        | Found a transporter.
  1833 | D        | Killed from afar by a nagaraja

Illustrated notes

Levels and vault maps discovered:
D:        sprint_v [room_start, room_1, room_2, room_3, room_4, room_5, room_6,
          room_7, room_8, room_9, room_10, room_11, room_12, room_13, room_14,
          room_15, room_16, room_17, room_18, room_19, room_20, room_21,
          room_22, room_23, room_24, room_25, room_26, room_27]

Skill      XL: |  1  2  3  4  5  6  7  8  9 10 11 |
---------------+----------------------------------+-----
Fighting       | 5 6 7 8 9 10 11 | 11.1
Short Blades   | 2 4 5 6 7 8 9 10 | 10.2
Long Blades    | 2 4 5 6 7 8 9 10 | 10.2
Axes           | 2 4 5 6 7 8 9 10 | 10.2
Maces & Flails | 2 4 5 6 7 8 9 10 | 10.2
Polearms       | 2 4 5 6 7 8 10 11 | 11.0
Staves         | 2 5 7 8 10 11 13 | 13.7
Bows           | 2 4 5 6 7 8 9 10 | 10.2
Crossbows      | 2 4 5 6 7 8 9 10 | 10.2
Throwing       | 2 4 5 6 7 8 9 10 | 10.2
Armour         | 2 4 5 6 7 8 9 10 | 10.2
Dodging        | 5 6 7 8 9 10 11 | 11.1
Stealth        | 3 5 6 7 8 10 | 10.5
Shields        | 2 4 5 6 7 8 9 10 | 10.2
Unarmed Combat | 2 4 5 6 7 8 9 10 | 10.2
Spellcasting   | 2 4 5 6 7 8 9 10 | 10.2
Conjurations   | 1 3 4 5 6 7 8 |  8.6
Hexes          | 1 3 4 5 6 7 8 |  8.6
Summonings     | 1 3 4 5 6 7 8 |  8.6
Necromancy     | 1 3 4 5 6 7 8 |  8.6
Translocations | 1 3 4 5 6 7 8 |  8.6
Transmutations | 1 3 4 5 6 7 8 |  8.6
Fire Magic     | 1 3 4 5 6 7 8 |  8.6
Ice Magic      | 1 3 4 5 6 7 8 |  8.6
Air Magic      | 1 3 4 5 6 7 8 |  8.6
Earth Magic    | 1 3 4 5 6 7 8 |  8.6
Poison Magic   | 1 3 4 5 6 7 8 |  8.6
Invocations    | 2 4 5 6 8 9 10 11 | 11.1
Evocations     | 2 4 5 6 7 8 9 10 | 10.2
Slings         | 10 11 12 13 15 | 15.5

Action                   |  1- 3 |  4- 6 |  7- 9 | 10-12 || total
-------------------------+-------+-------+-------+-------++-------
Melee: Broad axe         |       |       |    15 |    14 ||    29
       Bite              |       |       |     1 |     1 ||     2
       Demon whip        |       |       |       |     6 ||     6
 Fire: Fustibalus        |    17 |       |     4 |    14 ||    35
Invok: Lesser Servant of |       |       |     1 |     4 ||     5
       Major Destruction |       |       |       |     4 ||     4
       Greater Servant o |       |       |       |     3 ||     3
Evoke: Wand              |       |     5 |     5 |     5 ||    15
       Lightning rod     |       |       |       |     3 ||     3
       Phial of floods   |       |       |       |     3 ||     3
       Box of beasts     |       |       |       |     1 ||     1
       Phantom mirror    |       |       |       |     1 ||     1
       Condenser vane    |       |       |       |     1 ||     1
  Use: Potion            |       |     2 |     1 |     2 ||     5
       Scroll            |       |       |       |     2 ||     2
 Stab: Distracted        |       |       |     1 |     1 ||     2
Armor: Storm dragon scal |     3 |     8 |    13 |       ||    24
       Gold dragon scale |       |       |       |     6 ||     6
       Plate armour      |       |       |       |     4 ||     4
       Scale mail        |       |       |       |     5 ||     5
Dodge: Dodged            |       |     1 |     3 |    10 ||    14
Block: Buckler           |     1 |     4 |     3 |       ||     8
       Kite shield       |       |       |    31 |    53 ||    84

Table legend: (Time is in decaauts)
 A = Elapsed time spent in this place.
 B = Non-inter-level travel time spent in this place.
 C = Inter-level travel time spent in this place.
 D = Time resting spent in this place.
 E = Time spent auto-exploring this place.
 F = Levels seen in this place.
 G = Mean time per level.
                   A        B        C        D        E       F      G
               +--------+--------+--------+--------+--------+-----+--------+
         Total |   1834 |   1834 |      0 |   1073 |     14 |   1 | 1834.0 |
       Dungeon |   1834 |   1834 |      0 |   1073 |     14 |   1 | 1834.0 |
               +--------+--------+--------+--------+--------+-----+--------+

Top non-repeatable levels by time:
       D: 1834 daAuts
